BSA
NASSAU ROCKETS @ BAFFIN ISLAND BEAVERS
07/24/2030
 
TOP OF THE 1ST
Nassau Rockets batting - Pitching for Baffin Island Beavers : LHP Luis Noriega
Pitching: LHP Luis Noriega
Batting: RHB Jesús Villalobos 0-0: Swinging Strike
0-1: Ball
1-1: Ball
2-1: Called Strike
2-2: Strikes out swinging
Batting: RHB Wallace Greene 0-0: Called Strike
0-1: Ball
1-1: Swinging Strike
1-2: Ground out 6-3 (Groundball, 6)
Batting: RHB António Zúñiga 0-0: Ball
1-0: DOUBLE (Line Drive, 78M)
Batting: RHB Dexter Potter 0-0: Fly out, F9 (Flyball, 9LD)
Top of the 1st over - 0 runs, 1 hit, 0 errors, 1 left on base; Nassau 0 - Baffin Island 0
BOTTOM OF THE 1ST
Baffin Island Beavers batting - Pitching for Nassau Rockets : LHP Joaquín Gonzáles
Pitching: LHP Joaquín Gonzáles
Batting: RHB Alden Isenhood 0-0: Ball
1-0: Called Strike
1-1: Swinging Strike
1-2: Foul Ball, location: 2F
1-2: Ball
2-2: DOUBLE (Line Drive, 78D)
Batting: LHB Albert Morgan 0-0: Fly out, F8 (Line Drive, 8RM)
Batting: RHB Paco Arellano 0-0: Swinging Strike
0-1: Swinging Strike
0-2: Ball
1-2: Strikes out looking
Batting: LHB Howard Evans 0-0: Ball
1-0: Ball
2-0: Ball
3-0: Called Strike
3-1: Base on Balls
Batting: RHB Dave Craig 0-0: Ball
1-0: Called Strike
1-1: Fielders Choice at 2nd, 6-4 (Groundball, 6)
Bottom of the 1st over - 0 runs, 1 hit, 0 errors, 2 left on base; Nassau 0 - Baffin Island 0
TOP OF THE 2ND
Nassau Rockets batting - Pitching for Baffin Island Beavers : LHP Luis Noriega
Batting: LHB Dusty Wilson 0-0: Ball
1-0: Foul Ball, location: 2F
1-1: Foul Ball, location: 2F
1-2: Ground out U3 (Groundball, 3L)
Batting: SHB Edgardo Osorio 0-0: Foul Ball, location: 2F
0-1: Ball
1-1: Called Strike
1-2: Ball
2-2: Fly out, F8 (Flyball, 8LM)
Batting: RHB Aaron Wilson 0-0: Foul Ball, location: 2F
0-1: Fly out, F4 (Line Drive, 4)
Top of the 2nd over - 0 runs, 0 hits, 0 errors, 0 left on base; Nassau 0 - Baffin Island 0
BOTTOM OF THE 2ND
Baffin Island Beavers batting - Pitching for Nassau Rockets : LHP Joaquín Gonzáles
Batting: SHB Alonso Ferreira 0-0: Reaches on Catchers interference
Batting: LHB Mike MacFadden 0-0: Foul Ball, location: 2F
0-1: Ball
1-1: Called Strike
1-2: Ball
2-2: Strikes out swinging
Batting: LHB Felipe Guerrero 0-0: Foul Ball, location: 2F
0-1: Swinging Strike
0-2: Ball
1-2: Ball
2-2: Foul Ball, location: 2F
2-2: Fly out, F9 (Flyball, 9D)
Batting: RHB Pedro Rosado 0-0: Called Strike
0-1: Ball
1-1: Swinging Strike
1-2: Ball
2-2: Strikes out swinging
Bottom of the 2nd over - 0 runs, 0 hits, 1 error, 1 left on base; Nassau 0 - Baffin Island 0
TOP OF THE 3RD
Nassau Rockets batting - Pitching for Baffin Island Beavers : LHP Luis Noriega
Batting: LHB Andrew Alvarado 0-0: Ball
1-0: Ball
2-0: Swinging Strike
2-1: Foul Ball, location: 2F
2-2: Ball
3-2: Ground out 5-3 (Groundball, 5D)
Batting: LHB Juan Romero 0-0: Ground out 6-3 (Groundball, 6M)
Batting: RHB Jesús Villalobos 0-0: Ball
1-0: Ball
2-0: Swinging Strike
2-1: Foul Ball, location: 2F
2-2: SINGLE (Groundball, 6MD)
Batting: RHB Wallace Greene 0-0: Ball
Jesús Villalobos steals 2nd base
Balk!
Jesús Villalobos to third
1-0: Ball
2-0: Ball
3-0: Base on Balls
Batting: RHB António Zúñiga 0-0: Foul Ball, location: 2F
0-1: Ball
1-1: SINGLE (Line Drive, 4MD)
Jesús Villalobos scores
Wallace Greene to second
Runner from 2nd tries for 3rd, SAFE, no throw
Batting: RHB Dexter Potter 0-0: Called Strike
0-1: Ball
1-1: Called Strike
1-2: Strikes out swinging
Top of the 3rd over - 1 run, 2 hits, 0 errors, 2 left on base; Nassau 1 - Baffin Island 0
BOTTOM OF THE 3RD
Baffin Island Beavers batting - Pitching for Nassau Rockets : LHP Joaquín Gonzáles
Batting: RHB Alden Isenhood 0-0: Called Strike
0-1: Ball
1-1: Ball
2-1: Fly out, F1 (Line Drive, 13)
Batting: LHB Albert Morgan 0-0: Called Strike
0-1: Ball
1-1: Ball
2-1: Ball
3-1: Foul Ball, location: 2F
3-2: Ground out 1-3 (Groundball, 13S)
Batting: RHB Paco Arellano 0-0: Swinging Strike
0-1: Swinging Strike
0-2: Ball
1-2: Ball
2-2: Ground out 6-3 (Groundball, 6)
Bottom of the 3rd over - 0 runs, 0 hits, 0 errors, 0 left on base; Nassau 1 - Baffin Island 0
TOP OF THE 4TH
Nassau Rockets batting - Pitching for Baffin Island Beavers : LHP Luis Noriega
Batting: LHB Dusty Wilson 0-0: Called Strike
0-1: Ball
1-1: Ball
2-1: Ball
3-1: Foul Ball, location: 2F
3-2: Strikes out swinging
Batting: SHB Edgardo Osorio 0-0: Foul Ball, location: 2F
0-1: Ball
1-1: Ground out 6-3 (Groundball, 6)
Batting: RHB Aaron Wilson 0-0: Fly out, F7 (Flyball, 7LDF)
Top of the 4th over - 0 runs, 0 hits, 0 errors, 0 left on base; Nassau 1 - Baffin Island 0
BOTTOM OF THE 4TH
Baffin Island Beavers batting - Pitching for Nassau Rockets : LHP Joaquín Gonzáles
Batting: LHB Howard Evans 0-0: Ball
1-0: Foul Ball, location: 2F
1-1: Ball
2-1: Foul Ball, location: 2F
2-2: Ball
3-2: Base on Balls
Batting: RHB Dave Craig 0-0: Foul Ball, location: 2F
0-1: Fly out, F5 (Line Drive, 5S)
Batting: SHB Alonso Ferreira 0-0: Called Strike
0-1: Ground out 4-3 (Groundball, 34)
Howard Evans to second
Batting: LHB Mike MacFadden 0-0: Called Strike
0-1: Ball
1-1: Ball
2-1: Called Strike
2-2: DOUBLE (Line Drive, 9LS)
Howard Evans scores
Batting: LHB Felipe Guerrero 0-0: Ball
1-0: SINGLE (Flyball, 7S)
Mike MacFadden to third
Runner from 3rd tries for Home, SAFE, no throw
Batting: RHB Pedro Rosado 0-0: Fielders Choice at 2nd, 6-4 (Groundball, 6)
Bottom of the 4th over - 2 runs, 2 hits, 0 errors, 1 left on base; Nassau 1 - Baffin Island 2
TOP OF THE 5TH
Nassau Rockets batting - Pitching for Baffin Island Beavers : LHP Luis Noriega
Batting: LHB Andrew Alvarado 0-0: Ground out U3 (Groundball, 3L)
Batting: LHB Juan Romero 0-0: Ball
1-0: Ball
2-0: Called Strike
2-1: SOLO HOME RUN (Flyball, 7LD), Distance : 376 ft
Batting: RHB Jesús Villalobos 0-0: SINGLE (Groundball, 56D)
Batting: RHB Wallace Greene 0-0: Fielders Choice at 2nd, 5-4 (Groundball, 56)
Batting: RHB António Zúñiga 0-0: Ball
Wallace Greene is caught stealing 2nd base
Top of the 5th over - 1 run, 2 hits, 0 errors, 0 left on base; Nassau 2 - Baffin Island 2
BOTTOM OF THE 5TH
Baffin Island Beavers batting - Pitching for Nassau Rockets : LHP Joaquín Gonzáles
Batting: RHB Alden Isenhood 0-0: Ball
1-0: Called Strike
1-1: SINGLE (Line Drive, 78S)
Batting: LHB Albert Morgan 0-0: Ball
1-0: Swinging Strike
1-1: Ball
2-1: Foul Ball, location: 2F
2-2: Foul Ball, location: 2F
2-2: Foul Ball, location: 2F
2-2: Fly out, F8 (Flyball, 8LD)
Batting: RHB Paco Arellano 0-0: Called Strike
0-1: Swinging Strike
0-2: Strikes out swinging
Batting: LHB Howard Evans 0-0: Ball
1-0: Ball
2-0: Called Strike
2-1: Ball
Alden Isenhood steals 2nd base
3-1: Base on Balls
Batting: RHB Dave Craig 0-0: Foul Ball, location: 2F
0-1: Ball
1-1: Ball
2-1: Ball
3-1: DOUBLE (Line Drive, 9D)
Alden Isenhood scores
Howard Evans to third
Runner from 3rd tries for Home, SAFE, no throw
Batting: SHB Alonso Ferreira 0-0: Ball
1-0: Ball
2-0: Foul Ball, location: 2F
2-1: Ball
3-1: Base on Balls
Batting: LHB Mike MacFadden 0-0: Ball
1-0: Called Strike
1-1: Ball
2-1: SINGLE (Groundball, 56S) (infield hit)
Dave Craig to third
Alonso Ferreira to second
Batting: LHB Felipe Guerrero 0-0: Ground out 6-3 (Groundball, 56D)
Bottom of the 5th over - 2 runs, 3 hits, 0 errors, 3 left on base; Nassau 2 - Baffin Island 4
TOP OF THE 6TH
Nassau Rockets batting - Pitching for Baffin Island Beavers : LHP Luis Noriega
Batting: RHB António Zúñiga 0-0: Called Strike
0-1: Ball
1-1: Ball
2-1: Ball
3-1: Foul Ball, location: 2F
3-2: Foul Ball, location: 2F
3-2: Base on Balls
Batting: RHB Dexter Potter 0-0: Ball
1-0: Ball
2-0: Called Strike
2-1: Called Strike
2-2: Ball
3-2: Base on Balls
António Zúñiga to second
Pitching: RHP Fernand Picard
Batting: LHB Dusty Wilson 0-0: Called Strike
0-1: Swinging Strike
0-2: Fly out, F7 (Flyball, 78S)
Batting: SHB Edgardo Osorio 0-0: Swinging Strike
0-1: Ball
1-1: Called Strike
1-2: Strikes out looking
Batting: RHB Aaron Wilson 0-0: Called Strike
0-1: Ball
1-1: Foul Ball, location: 2F
1-2: Foul Ball, location: 2F
1-2: Ground out U3 (Groundball, 3)
Top of the 6th over - 0 runs, 0 hits, 0 errors, 2 left on base; Nassau 2 - Baffin Island 4
BOTTOM OF THE 6TH
Baffin Island Beavers batting - Pitching for Nassau Rockets : LHP Joaquín Gonzáles
Pitching: RHP John Charles
Batting: RHB Pedro Rosado 0-0: Called Strike
0-1: Swinging Strike
0-2: SINGLE (Line Drive, 8LS)
Batting: RHB Alden Isenhood 0-0: SINGLE (Groundball, 34S) (infield hit)
Pedro Rosado to second
Batting: LHB Albert Morgan 0-0: SINGLE (Groundball, 56) (infield hit)
Pedro Rosado to third
Alden Isenhood to second
Batting: RHB Paco Arellano 0-0: Foul Ball, location: 2F
0-1: Ball
1-1: DOUBLE (Line Drive, 9D)
Pedro Rosado scores
Alden Isenhood scores
Albert Morgan to third
Pitching: RHP Kenkichi Morimoto
Batting: LHB Howard Evans 0-0: Called Strike
0-1: Ball
1-1: Foul Ball, location: 2F
1-2: Ball
2-2: Foul Ball, location: 2F
2-2: Strikes out swinging
Batting: RHB Dave Craig 0-0: Intentional Walk
Batting: SHB Alonso Ferreira 0-0: Ball
1-0: Called Strike
1-1: Ball
2-1: Ball
3-1: SINGLE (Flyball, 7LS)
Albert Morgan scores
Paco Arellano to third
Dave Craig to second
Runner from 3rd tries for Home, SAFE, no throw
Batting: LHB Mike MacFadden 0-0: Grounds into double play, 4-6-3 (Groundball, 4)
Bottom of the 6th over - 4 runs, 5 hits, 0 errors, 1 left on base; Nassau 2 - Baffin Island 8
TOP OF THE 7TH
Nassau Rockets batting - Pitching for Baffin Island Beavers : RHP Fernand Picard
Batting: LHB Andrew Alvarado 0-0: Swinging Strike
0-1: Called Strike
0-2: Foul Ball, location: 2F
0-2: Foul Ball, location: 2F
0-2: Ball
1-2: Ball
2-2: Foul Ball, location: 2F
2-2: SOLO HOME RUN (Flyball, 9LD), Distance : 382 ft
Batting: LHB Juan Romero 0-0: Ball
1-0: Swinging Strike
1-1: Ball
2-1: Ball
3-1: Foul Ball, location: 2F
3-2: Base on Balls
Batting: RHB Jesús Villalobos 0-0: Ball
1-0: Ball
2-0: Foul Ball, location: 2F
2-1: Ball
3-1: Base on Balls
Juan Romero to second
Batting: RHB Wallace Greene 0-0: Foul Ball, location: 2F
0-1: Swinging Strike
0-2: Ball
1-2: Ball
2-2: Ball
3-2: Foul Ball, location: 2F
3-2: Foul Ball, location: 2F
3-2: Foul Ball, location: 2F
3-2: Foul Ball, location: 2F
3-2: Base on Balls
Juan Romero to third
Jesús Villalobos to second
Pitching: RHP Juan González
Batting: RHB António Zúñiga 0-0: Called Strike
0-1: Foul Ball, location: 2F
0-2: SINGLE (Groundball, 34) (infield hit)
Juan Romero scores
Jesús Villalobos to third
Wallace Greene to second
Batting: RHB Dexter Potter 0-0: Ball
1-0: Called Strike
1-1: Ball
2-1: Foul Ball, location: 2F
2-2: Foul Ball, location: 2F
2-2: SINGLE (Flyball, 9S)
Jesús Villalobos scores
Wallace Greene to third
António Zúñiga to second
Batting: LHB Dusty Wilson 0-0: Called Strike
0-1: Ball
1-1: Foul Ball, location: 2F
1-2: Ball
2-2: Foul Ball, location: 2F
2-2: Ball
3-2: Grounds into double play, 4-6-3 (Groundball, 4)
Wallace Greene scores
António Zúñiga to third
Batting: SHB Edgardo Osorio 0-0: Ball
1-0: Ball
2-0: Called Strike
2-1: Foul Ball, location: 2F
2-2: Ground out 5-3 (Groundball, 2L)
Top of the 7th over - 4 runs, 3 hits, 0 errors, 1 left on base; Nassau 6 - Baffin Island 8
BOTTOM OF THE 7TH
Baffin Island Beavers batting - Pitching for Nassau Rockets : RHP Kenkichi Morimoto
Pitching: LHP Dennis Taylor
Batting: LHB Felipe Guerrero 0-0: Ground out 4-3 (Groundball, 4)
Pitching: RHP Suezo Morimoto
Batting: RHB Pedro Rosado 0-0: Fly out, F9 (Line Drive, 9D)
Batting: RHB Alden Isenhood 0-0: Ground out U3 (Groundball, 3S)
Bottom of the 7th over - 0 runs, 0 hits, 0 errors, 0 left on base; Nassau 6 - Baffin Island 8
TOP OF THE 8TH
Nassau Rockets batting - Pitching for Baffin Island Beavers : RHP Juan González
Batting: RHB Aaron Wilson 0-0: Swinging Strike
0-1: Hit by Pitch
Batting: LHB Andrew Alvarado 0-0: Called Strike
0-1: Ball
1-1: Called Strike
1-2: Ball
2-2: Ball
3-2: Foul Ball, location: 2F
3-2: DOUBLE (Line Drive, 89S)
Aaron Wilson to third
Runner from 3rd tries for Home, SAFE, no throw
Batting: LHB Juan Romero 0-0: Ball
1-0: Swinging Strike
1-1: Fly out, F7 (Line Drive, 7LD)
Runner from 2nd tags up, SAFE at 3rd, no throw
Batting: RHB Jesús Villalobos 0-0: Called Strike
0-1: Called Strike
0-2: Ball
1-2: Strikes out swinging
Batting: RHB Wallace Greene 0-0: Ball
1-0: Ball
2-0: Called Strike
2-1: Ball
3-1: Fly out, F9 (Flyball, 9LSF)
Top of the 8th over - 1 run, 1 hit, 0 errors, 1 left on base; Nassau 7 - Baffin Island 8
BOTTOM OF THE 8TH
Baffin Island Beavers batting - Pitching for Nassau Rockets : RHP Suezo Morimoto
Batting: LHB Albert Morgan 0-0: Called Strike
0-1: Ball
1-1: Called Strike
1-2: SINGLE (Groundball, 34D)
Batting: RHB Paco Arellano 0-0: SINGLE (Flyball, 78S)
Albert Morgan to second
Batting: LHB Howard Evans 0-0: Ball
1-0: Foul Ball, location: 2F
1-1: Fly out, F4 (Popup, 4D)
Batting: RHB Dave Craig 0-0: Called Strike
0-1: Foul Ball, location: 2F
0-2: Ball
1-2: Foul Ball, location: 2F
1-2: Fly out, F7 (Line Drive, 7D)
Runner from 2nd tags up, SAFE at 3rd, no throw
Batting: SHB Alonso Ferreira 0-0: Ball
1-0: Called Strike
1-1: Ball
2-1: DOUBLE (Groundball, 3L)
Albert Morgan scores
Paco Arellano to third
Runner from 3rd tries for Home, SAFE, no throw
Pitching: RHP Esteban Juárez
Pinch Runner at 2nd Max Rash:
Batting: LHB Mike MacFadden 0-0: Called Strike
0-1: Ball
1-1: Ground out 4-3 (Groundball, 4MD)
Bottom of the 8th over - 2 runs, 3 hits, 0 errors, 1 left on base; Nassau 7 - Baffin Island 10
TOP OF THE 9TH
Nassau Rockets batting - Pitching for Baffin Island Beavers : RHP Juan González
Now at 1B: Max Rash
Batting: RHB António Zúñiga 0-0: Ball
1-0: Ball
2-0: SINGLE (Groundball, 56D)
Batting: RHB Dexter Potter 0-0: Called Strike
0-1: Ball
1-1: Ball
2-1: Fly out, F7 (Flyball, 78XD)
Batting: LHB Dusty Wilson 0-0: Ball
1-0: Ball
2-0: Called Strike
2-1: Grounds out, U3 (Groundball, 3L)
Pitching: RHP Beau Brown
Batting: SHB Edgardo Osorio 0-0: Ball
1-0: Ball
2-0: Swinging Strike
2-1: Swinging Strike
2-2: Ball
3-2: Foul Ball, location: 2F
3-2: Fly out, F8 (Flyball, 8RM)
Top of the 9th over - 0 runs, 1 hit, 0 errors, 1 left on base; Nassau 7 - Baffin Island 10
Saturday, April 7th, 2018 - OOTP Baseball 18.8 Build 76